Map: Rhoskallian LE

Players

qqq - Winner!

  • Race: Zerg Zerg
  • Spawn Location: 11:00

Massa - Winner!

  • Race: Terran Terran
  • League: Platinum
  • Spawn Location: 12:00

Chimerde

  • Race: Terran Terran
  • Spawn Location: 6:00

PeignoirBabo

  • Race: Protoss Protoss
  • Spawn Location: 5:00

VOD

Have the link to the VOD?

Description

Time

  • Played on: Oct. 25, 2020, 6:24 a.m.
  • Length: 12:38
Show
View Real Time Build Order
Export as new Build Order

qqq Zerg - Winner!

Build Orders: Hatch First 

Get SALT Encoding   

  12  0:01  Drone  
  13  0:10  Drone  
  14  0:40  Hatchery  
  13  0:44  Drone  
  14  0:58  Spawning Pool  
  13  1:10  Overlord  
  13  1:16  Drone  
  14  1:23  Extractor  
  13  1:26  Drone  
  13  1:32  Drone  
  15  1:39  Drone  
  16  1:45  Zergling x2  
  17  2:11  Drone, Queen  
  17  2:13  Queen  
  22  2:16  Drone  
  22  2:20  Drone  
  24  2:24  Drone  
  24  2:30  Drone  
  24  2:32  Drone  
  26  2:37  Drone  
  26  2:43  Metabolic Boost  
  27  2:46  Drone  
  28  2:55  Overlord  
  28  2:59  Overlord  
  28  3:12  Lair  
  28  3:15  Zergling x6  
  28  3:18  Drone  
  32  3:27  Zergling x2  
  32  3:28  Drone, Zergling x4  
  32  3:31  Drone  
  32  3:33  Drone  
  38  3:38  Overlord  
  38  3:42  Drone  
  38  3:48  Drone x2  
  41  3:49  Zergling x2  
  41  3:54  Drone x2  
  44  3:58  Overlord  
  44  4:02  Extractor  
  43  4:03  Extractor  
  43  4:09  Drone x2  
  44  4:10  Drone  
  44  4:13  Zergling x2  
  46  4:22  Drone x2  
  46  4:23  Drone  
  46  4:24  Spire  
  48  4:27  Extractor  
  48  4:29  Drone  
  48  4:32  Drone x2  
  48  4:34  Drone  
  51  4:42  Drone x2  
  53  4:48  Drone  
  53  4:50  Overlord x2  
  54  5:11  Hydralisk Den  
  53  5:14  Hatchery  
  53  5:21  Drone  
  53  5:22  Drone  
  54  5:32  Drone  
  54  5:33  Overlord x2  
  54  5:35  Mutalisk x3, Infestation Pit  
  60  5:45  Zerg Flyer Weapons Level 1  
  60  5:47  Overlord x3  
  60  5:55  Mutalisk  
  60  6:18  Hive  
  60  6:27  Hatchery  
  60  6:29  Drone  
  60  6:30  Queen  
  62  6:34  Drone x3  
  65  6:49  Mutalisk x2  
  65  6:51  Drone x2  
  71  7:06  Hatchery  
  70  7:08  Hatchery  
  70  7:10  Mutalisk  
  70  7:11  Mutalisk  
  70  7:12  Drone x2  
  73  7:30  Mutalisk x2  
  67  7:55  Drone x3, Mutalisk  
  67  7:56  Mutalisk  
  67  7:58  Drone x5  
  79  7:59  Overlord  
  79  8:07  Muscular Augments  
  79  8:18  Drone x4  
  79  8:19  Mutalisk  
  85  8:41  Greater Spire  
  85  8:42  Drone x4  
  85  8:43  Drone x6  
  95  8:50  Hatchery  
  95  8:51  Hatchery  
  91  9:10  Mutalisk x2  
  91  9:13  Drone x4  
  91  9:14  Drone x3  
  102  9:17  Spore Crawler x2  
  102  9:20  Extractor, Spore Crawler  
  102  9:21  Extractor  
  102  9:23  Spore Crawler  
  96  9:25  Spore Crawler  
  96  9:26  Drone x2  
  96  9:27  Drone x3  
  96  9:28  Drone x2  
  96  9:30  Extractor  
  101  9:31  Extractor  
  101  9:32  Drone, Extractor  
  101  9:33  Drone, Overlord x2  
  101  9:34  Overlord x8  
  101  9:35  Overlord  
  101  9:39  Drone  
  101  9:41  Extractor, Spore Crawler  
  101  9:43  Spore Crawler  
  101  9:45  Spine Crawler  
  98  9:49  Mutalisk x4  
  106  10:00  Drone x3, Spore Crawler  
  106  10:01  Drone x7  
  106  10:02  Drone x3  
  118  10:14  Spore Crawler x2  
  118  10:17  Spine Crawler, Spore Crawler  
  118  10:18  Drone  
  118  10:20  Mutalisk x3, Spine Crawler  
  120  10:26  Drone x4  
  120  10:27  Drone  
  121  10:39  Mutalisk x4  
  116  10:59  Mutalisk x6  
  116  11:01  Drone x4  
  132  11:07  Drone x6  
  132  11:08  Drone x3  
  141  11:15  Zergling x12  
  141  11:16  Drone  
  148  11:27  Corruptor  
  148  11:28  Corruptor  
  149  11:47  Mutalisk x4  
  157  12:02  Corruptor x2  
  157  12:04  Drone x7  
Show
View Real Time Build Order
Export as new Build Order

Massa Terran - Winner!

Build Orders:  

Get SALT Encoding   

  12  0:01  SCV  
  13  0:13  SCV  
  14  0:24  Supply Depot  
  14  0:25  SCV  
  15  0:46  SCV  
  15  0:47  Barracks  
  16  0:50  Refinery  
  16  0:58  SCV  
  17  1:10  SCV  
  18  1:22  SCV  
  19  1:34  SCV  
  20  1:42  Marine  
  21  1:47  Command Center  
  21  1:52  SCV  
  22  2:04  Reaper  
  22  2:05  Supply Depot  
  23  2:19  Supply Depot x2  
  23  2:25  Orbital Command  
  23  2:37  Factory  
  23  2:54  SCV  
  24  2:58  Barracks Reactor  
  24  3:06  SCV  
  25  3:33  Orbital Command  
  25  3:34  Factory Tech Lab  
  25  3:50  Barracks  
  25  3:55  Siege Tank  
  28  3:56  Supply Depot  
  28  3:58  SCV  
  28  3:59  SCV  
  30  4:10  SCV, Barracks  
  30  4:11  SCV  
  30  4:16  Starport  
  32  4:20  Engineering Bay  
  32  4:22  SCV  
  33  4:25  Marine x2  
  35  4:37  SCV x2  
  37  4:43  Marine x2  
  39  4:49  SCV x2  
  41  5:05  SCV x2  
  42  5:09  Marine x2  
  42  5:12  Barracks Tech Lab  
  44  5:17  SCV x2  
  44  5:19  Barracks Reactor  
  49  5:21  Siege Tank  
  49  5:27  Marine x2  
  51  5:31  SCV  
  51  5:32  SCV  
  53  5:37  Refinery  
  53  5:39  Command Center  
  53  5:44  Refinery, SCV x2  
  53  5:45  Refinery  
  55  5:51  Missile Turret  
  55  5:53  Missile Turret  
  55  5:56  SCV x2  
  57  6:02  Sensor Tower  
  57  6:07  Marine x2  
  57  6:08  Marine x3  
  62  6:14  Missile Turret  
  62  6:15  Missile Turret  
  62  6:25  Marine x2  
  62  6:26  Marine x3  
  62  6:28  Stimpack  
  62  6:30  Widow Mine  
  69  6:43  Marine, Supply Depot x2  
  69  6:46  Supply Depot  
  70  6:50  Armory, Marine x3, Medivac  
  70  6:51  Widow Mine  
  70  6:52  Orbital Command, Supply Depot  
  78  6:54  SCV x2  
  78  7:01  Marine  
  80  7:06  SCV x2  
  80  7:07  Marauder  
  80  7:08  Marine x3  
  87  7:12  Siege Tank  
  90  7:18  SCV  
  90  7:19  SCV  
  90  7:21  Terran Infantry Weapons Level 1  
  92  7:27  Orbital Command  
  92  7:29  Marauder  
  94  7:34  SCV  
  94  7:35  SCV  
  96  7:47  SCV x2  
  98  7:57  Siege Tank  
  101  7:59  SCV  
  101  8:00  SCV x2  
  104  8:07  Combat Shield  
  104  8:11  SCV  
  104  8:12  SCV  
  106  8:15  Missile Turret  
  106  8:16  Missile Turret  
  106  8:17  Missile Turret  
  106  8:25  Medivac  
  108  8:29  Marauder, Marine x2  
  108  8:30  Marine x2  
  114  8:36  Missile Turret  
  114  8:38  Missile Turret  
  114  8:39  Missile Turret  
  114  8:50  Command Center  
  114  8:51  Marauder  
  116  9:07  Medivac  
  116  9:08  Supply Depot x2  
  116  9:09  Supply Depot  
  116  9:10  Supply Depot  
  116  9:12  Marauder, Supply Depot  
  116  9:15  Terran Infantry Armor Level 1  
  117  9:26  Concussive Shells  
  117  9:33  Engineering Bay  
  117  9:34  Supply Depot  
  117  9:37  Armory  
  117  9:44  Starport Reactor  
  117  9:47  Starport  
  117  9:55  Terran Vehicle Weapons Level 1  
  117  9:57  Marine  
  117  9:58  Marine x4  
  122  10:15  Marine  
  122  10:16  Marine x4  
  122  10:19  Barracks  
  127  10:21  Factory, Medivac  
  127  10:22  Medivac  
  127  10:24  Barracks x2, Thor  
  137  10:31  Planetary Fortress  
  137  10:33  Marine x5  
  142  10:37  Missile Turret  
  142  10:38  Missile Turret  
  142  10:39  Missile Turret  
  137  10:51  Marine x5, Medivac  
  137  10:52  Medivac  
  145  10:58  Missile Turret  
  145  11:01  Missile Turret  
  145  11:09  SCV, Marine  
  145  11:10  SCV x3  
  150  11:19  Refinery  
  150  11:20  Refinery  
  150  11:21  SCV  
  150  11:22  SCV x3  
  154  11:30  Barracks Reactor x2, Barracks Tech Lab  
  154  11:32  Factory Tech Lab  
  154  11:33  Thor  
Show
View Real Time Build Order
Export as new Build Order

Chimerde Terran 

Build Orders:  

Get SALT Encoding   

  12  0:00  SCV  
  13  0:12  SCV  
  14  0:24  SCV, Supply Depot  
  15  0:46  SCV  
  15  0:47  Barracks  
  16  0:54  Refinery  
  16  0:58  SCV  
  17  1:10  SCV  
  18  1:22  SCV  
  19  1:34  SCV  
  19  1:35  Supply Depot  
  19  1:36  Marine  
  21  1:46  SCV  
  21  1:47  Refinery  
  22  1:58  SCV  
  22  2:00  Barracks  
  23  2:11  SCV  
  23  2:12  Barracks Reactor  
  24  2:20  Factory  
  24  2:39  SCV, Barracks  
  25  2:48  Supply Depot  
  25  2:49  Marine  
  25  2:50  Marine x2  
  25  2:51  SCV  
  29  2:54  Engineering Bay  
  29  3:06  Marine  
  29  3:07  Marine  
  29  3:10  Widow Mine, Marine  
  34  3:32  Widow Mine  
  34  3:51  Barracks Tech Lab  
  34  3:53  Command Center  
  34  4:03  Terran Infantry Weapons Level 1  
  34  4:18  Widow Mine  
  34  4:22  Stimpack  
  36  4:27  Starport  
  36  4:32  Marine x2  
  36  4:33  Marine  
  39  4:56  Marine  
  39  5:04  Marine  
  39  5:05  SCV, Marauder  
  39  5:06  Supply Depot  
  43  5:09  Medivac  
  45  5:15  SCV  
  45  5:19  Orbital Command  
  46  5:26  Marauder  
  46  5:27  SCV  
  49  5:39  SCV, Medivac  
  52  5:51  SCV  
  53  5:57  Terran Infantry Armor Level 1  
  53  6:03  SCV  
  54  6:08  Marauder  
  54  6:10  Marine x3  
  59  6:15  SCV  
  58  6:28  SCV  
  58  6:29  Marauder  
  61  6:40  SCV  
  62  7:03  Missile Turret  
  60  7:10  Missile Turret  
  60  7:12  Marine x2  
  62  7:20  Supply Depot  
  62  7:22  Missile Turret  
  62  7:41  Marine x3  
  65  7:45  Supply Depot  
  55  7:59  Refinery, Marine x2  
  57  8:06  Liberator  
  57  8:08  Starport  
  57  8:09  Supply Depot  
  60  8:21  SCV  
  60  8:27  Refinery  
  61  8:32  Barracks  
  61  8:33  SCV  
  62  8:39  SCV  
  63  8:45  SCV  
  64  8:49  Liberator  
  64  8:51  SCV, Armory  
  68  8:57  SCV  
  69  9:03  SCV  
  70  9:15  SCV  
  68  9:28  SCV  
  68  9:30  Medivac  
  71  9:32  Medivac  
  71  9:34  Barracks Reactor  
  71  9:35  Marine x3  
  76  9:53  Marine x3  
  76  9:54  Command Center  
  79  10:00  Terran Infantry Armor Level 2, Medivac  
  79  10:02  Medivac  
  79  10:04  Widow Mine  
  85  10:11  Marine  
  86  10:46  Marine x3  
  58  10:58  Marine x2  
  58  11:04  Marine x3  
  63  11:09  Widow Mine  
  65  11:16  Marine x2  
  65  11:17  Marauder  
  69  11:20  Medivac x2  
  69  11:21  Marine x3  
  76  11:31  Widow Mine  
  78  11:33  Marine x2  
  78  11:38  Marauder  
  78  11:39  Marine x3  
  72  11:50  Medivac x2  
  72  11:51  Marine  
  77  11:55  Marine  
  77  11:57  Marine x3  
  77  12:00  Marauder  
  80  12:09  Marine  
Show
View Real Time Build Order
Export as new Build Order

PeignoirBabo Protoss 

Build Orders:  

Get SALT Encoding   

  13  0:13  Pylon  
  12  0:16  Probe (Chrono Boost)  
  13  0:26  Probe (Chrono Boost)  
  14  0:39  Forge  
  14  0:40  Probe  
  15  1:02  Pylon  
  15  1:24  Pylon  
  15  1:31  Probe  
  16  1:38  Gateway  
  16  1:39  Gateway  
  16  1:43  Probe  
  17  1:56  Assimilator  
  17  1:57  Pylon  
  17  2:00  Assimilator  
  17  2:20  Pylon  
  17  2:22  Probe (Chrono Boost)  
  18  2:27  Pylon  
  18  2:32  Probe (Chrono Boost)  
  18  2:33  Zealot, Pylon, Cybernetics Core  
  18  2:37  Probe (Chrono Boost)  
  22  2:48  Probe  
  23  2:53  Gateway  
  23  3:04  Photon Cannon  
  23  3:06  Probe  
  24  3:20  Stalker  
  26  3:34  Probe (Chrono Boost)  
  26  3:36  Twilight Council  
  27  3:44  Probe (Chrono Boost)  
  30  3:51  Stalker (Chrono Boost)  
  30  4:01  Stalker (Chrono Boost)  
  34  4:17  Charge, Stalker (Chrono Boost)  
  34  4:43  Nexus  
  34  4:51  Stalker  
  36  5:10  Pylon  
  36  5:15  Pylon  
  36  5:19  Probe  
  36  5:20  Pylon  
  37  5:28  Assimilator  
  37  5:31  Probe (Chrono Boost)  
  37  5:35  Stalker  
  41  5:43  Probe (Chrono Boost)  
  41  5:51  Probe (Chrono Boost)  
  42  5:59  Probe (Chrono Boost)  
  42  6:01  Probe (Chrono Boost)  
  44  6:10  Probe (Chrono Boost)  
  46  6:13  Probe (Chrono Boost)  
  47  6:19  Probe (Chrono Boost)  
  47  6:21  Probe (Chrono Boost)  
  49  6:26  Probe (Chrono Boost)  
  49  6:27  Probe (Chrono Boost)  
  49  6:31  Photon Cannon  
  50  6:35  Probe  
  50  6:37  Probe  
  52  6:43  Stargate  
  52  6:44  Stargate  
  52  6:49  Probe  
  52  6:52  Stargate  
  53  6:59  Stargate  
  53  7:01  Probe  
  53  7:04  Assimilator  
  54  7:13  Probe (Chrono Boost)  
  57  7:24  Probe (Chrono Boost)  
  57  7:25  Probe (Chrono Boost), Pylon  
  57  7:26  Void Ray x2 (Chrono Boost)  
  57  7:29  Probe (Chrono Boost)  
  57  7:31  Probe, Pylon  
  57  7:35  Pylon  
  67  7:45  Void Ray (Chrono Boost)  
  67  7:49  Void Ray (Chrono Boost)  
  75  8:03  Void Ray (Chrono Boost)  
  79  8:22  Protoss Air Armor Level 1  
  79  8:23  Void Ray (Chrono Boost)  
  83  8:32  Void Ray (Chrono Boost)  
  81  9:19  Photon Cannon  
  81  9:21  Photon Cannon  
  81  9:22  Shield Battery  
  81  9:25  Shield Battery  
  81  9:34  Void Ray x2 (Chrono Boost)  
  81  9:41  Void Ray x2 (Chrono Boost)  
  97  10:01  Probe  
  97  10:05  Void Ray x2 (Chrono Boost)  
  98  10:11  Protoss Shields Level 1  
  106  10:39  Void Ray x2  
  106  10:44  Nexus  
  106  10:48  Pylon  
  114  10:52  Pylon  
  104  10:57  Pylon  
  104  11:02  Pylon  
  82  11:04  Pylon  
  82  11:34  Pylon  
  82  11:35  Pylon  
  82  11:38  Fleet Beacon  
  82  11:39  Pylon  
  82  11:44  Void Ray x3 (Chrono Boost)  
  82  11:45  Pylon  
  82  11:48  Pylon  
  98  11:54  Void Ray (Chrono Boost)  
Tags
 
Add a new tag
Caveats
  • Supply blocks, unpowered buildings, or Contaminate may cause inaccurate times.
  • Supply counts are checked every 10 seconds.